 Dungeon Crawl Stone Soup version 0.18-a0-1372-gd644665 (webtiles) character file.

81657 Duffy the Impaler (level 15, -9/132 HPs)
             Began as a Red Draconian Fire Elementalist on Feb 21, 2016.
             Was the Champion of Cheibriados.
             Mangled by a cyan ugly thing (12 damage)
             ... on level 14 of the Dungeon.
             The game lasted 00:50:21 (33325 turns).

Duffy the Impaler (DrFE)                           Turns: 33325, Time: 00:50:21

Health: -9/132     AC: 15    Str: 28    XL:     15   Next: 27%
Magic:  23/23      EV: 26    Int: 33    God:    Cheibriados [******]
Gold:   1656       SH:  3    Dex: 31    Spells: 6 memorised, 6 levels left

rFire  + . .     SeeInvis .     C - +3 bardiche (protect)
rCold  . . .     Gourm    .     (armour unavailable)
rNeg   . . .     Faith    .     (shield currently unavailable)
rPois  .         Spirit   .     (helmet restricted)
rElec  .         Dismiss  .     (no cloak)
rCorr  .         Reflect  +     (no gloves)
SustAt .         Harm     .     l - +0 pair of boots
MR     ++...                    w - +3 amulet of reflection
Stlth  +++.......               A - ring of protection from magic
                                r - +3 ring of strength

@: very slow, very resistant to hostile enchantments, fairly stealthy
A: breathe fire, unfitting armour, fire resistance 1, cold-blooded, AC +9
a: Breathe Fire, Bend Time, Temporal Distortion, Slouch, Step From Time,
Renounce Religion


You were on level 14 of the Dungeon.
You worshipped Cheibriados.
Cheibriados was exalted by your worship.
You were hungry.

You visited 3 branches of the dungeon, and saw 23 of its levels.
You also visited: Labyrinth.

You collected 1892 gold pieces.
You spent 236 gold pieces at shops.


Innate Abilities, Weirdness & Mutations

You can breathe blasts of fire.
Your fiery red scales are hard (AC +9).
Your body does not fit into most forms of armour.
Your flesh is heat resistant.
You are cold-blooded and may be slowed by cold attacks.


   Skills:
 - Level 12.0 Fighting
 - Level 16.7 Polearms
 - Level 10.5 Dodging
 - Level 2.5 Stealth
 - Level 5.8 Spellcasting
 - Level 6.0 Conjurations
 + Level 4.0 Hexes
 - Level 4.0 Charms
 - Level 4.0 Necromancy
 - Level 6.8 Fire Magic
 - Level 8.0 Invocations


You had 6 spell levels left.
You knew the following spells:

 Your Spells              Type           Power        Failure   Level  Hunger
a - Flame Tongue          Conj/Fire      #####        1%          1    None
j - Sticky Flame          Conj/Fire      ######..     3%          4    ##.....
k - Fireball              Conj/Fire      ######....   12%         5    #####..
l - Conjure Flame         Conj/Fire      ######..     1%          3    None
r - Regeneration          Chrm/Necr      #####.....   2%          3    None
w - Spectral Weapon       Hex/Chrm       #####...     2%          3    None

Inventory:

Hand Weapons
 k - a +5 demon trident
 C - a +3 bardiche of protection (weapon)
Missiles
 p - 50 poisoned needles
 F - 2 throwing nets (quivered)
Armour
 l - a +0 pair of boots (worn)
Jewellery
 f - an uncursed ring of fire
 m - an uncursed ring of ice
 r - a +3 ring of strength (left hand)
 w - a +3 amulet of reflection (around neck)
 A - a ring of protection from magic (right hand)
 I - a -5 ring of protection
 M - a +2 ring of dexterity {unknown}
Wands
 D - a wand of flame (20/48)
 E - a wand of disintegration (12/24)
 J - a wand of acid (9/15)
 K - a wand of enslavement (8/24)
 Q - a wand of lightning (5/15)
Scrolls
 a - 2 scrolls of identify
 c - 5 scrolls of fear
 d - a scroll of vulnerability
 h - 4 scrolls of recharging
 i - 3 scrolls of enchant armour
 n - 3 scrolls of amnesia
 q - 14 scrolls of teleportation
 x - 7 scrolls of remove curse
 y - 2 scrolls of fog
 G - a scroll of summoning
 H - 3 scrolls of immolation
 S - a scroll of torment
Potions
 e - 10 potions of curing
 g - a potion of agility
 s - 4 potions of brilliance
 t - 5 potions of might
 u - 5 potions of heal wounds
 z - 3 potions of magic
 L - 2 potions of flight {unknown}
Books
 O - a book of Burglary
 T - a book of Annihilations
Miscellaneous
 B - a phial of floods
Comestibles
 b - 19 bread rations
 j - 10 beef jerkies
 o - 9 meat rations
 v - 9 fruits
 N - a slice of pizza
 R - a royal jelly

Dungeon Overview and Level Annotations

Branches:
Dungeon (14/15)            Temple (1/1) D:5            Lair (8/8) D:10
 Shoals (0/4) Lair:5       Spider (0/4) Lair:4        Slime (0/6) Lair:8
    Orc (0/2) D:11
 Vaults: D:13-14

Altars:
Ashenzari
Cheibriados
Dithmenos
Elyvilon
Fedhas
Gozag
Kikubaaqudgha
Makhleb
Nemelex Xobeh
Okawaru
Pakellas
Qazlal
Ru
Sif Muna
Trog
Vehumet
Xom
Yredelemnul
Zin
The Shining One
Beogh
Jiyva

Shops:
D:4 !}

Portals:
Hell: Lair:8

Annotations:
D:13 exclusion: 3 doors
Lair:6 exclusion: oklob plant


Message History

You kill the brown ugly thing!
Cheibriados thoroughly appreciates the change of pace.
The cyan ugly thing basks in the mutagenic energy from its kin and changes!
The brown ugly thing pecks you!
You are splashed with acid!
The acid burns!
You slash the brown ugly thing!
The brown ugly thing is lightly wounded.
The brown ugly thing pecks you but does no damage.
You slice the brown ugly thing!!
The brown ugly thing is heavily wounded.
The brown ugly thing pecks you but does no damage.
You slice the brown ugly thing!! You tail-slap the brown ugly thing.
The brown ugly thing is almost dead.
The brown ugly thing completely misses you.
You barely miss the brown ugly thing.
The brown ugly thing is almost dead.
The brown ugly thing pecks you.
You are splashed with acid!
The acid burns!
The brown ugly thing pecks you!
You are splashed with acid!
The acid burns!
You closely miss the brown ugly thing.
You tail-slap the brown ugly thing, but do no damage.
The brown ugly thing is almost dead.
You block the brown ugly thing's attack.
The cyan ugly thing basks in the mutagenic energy from its kin and changes!
You chop the brown ugly thing into pieces!!!
You kill the brown ugly thing!
Cheibriados thoroughly appreciates the change of pace.
Your Hexes skill increases to level 4!
You carve the cyan ugly thing like a ham!!!
You tail-slap the cyan ugly thing.
The cyan ugly thing is severely wounded.
You hear a horrible gurgling sound!
The cyan ugly thing kicks you. The cyan ugly thing shocks you!
You slash the cyan ugly thing!
The cyan ugly thing is almost dead.
The cyan ugly thing kicks you. The cyan ugly thing shocks you!
You die...

#........# ###'#####
#........# #.......#
#........# #....[..#
#........#####..)....#
.............#.......#
#........###|'.......#
#######.## ###.......#
...# #.......# .####
###@##### # #u# #u###
#uu.# ######u###
#.....u..# #....>..>#
#........# +........#


You could see 4 ugly things.

Action                   |  1- 3 |  4- 6 |  7- 9 | 10-12 | 13-15 || total
-------------------------+-------+-------+-------+-------+-------++-------
Melee: Bardiche          |       |     4 |   273 |   457 |   567 ||  1301
       Unarmed           |       |     2 |       |       |       ||     2
       Demon trident     |       |       |       |       |   363 ||   363
 Cast: Flame Tongue      |    79 |   141 |   150 |     5 |     5 ||   380
       Sticky Flame      |       |     1 |    27 |    44 |    34 ||   106
       Conjure Flame     |       |     1 |    17 |    30 |    19 ||    67
Invok: Slouch            |       |       |       |     4 |     6 ||    10
Evoke: Wand              |       |       |       |       |     1 ||     1
  Use: Scroll            |       |       |    20 |     8 |     3 ||    31
       Potion            |       |       |     2 |       |       ||     2
 Stab: Sleeping          |       |       |     3 |    12 |    17 ||    32
       Distracted        |       |       |     2 |     8 |    10 ||    20
       Petrified         |       |       |       |       |     3 ||     3
  Eat: Chunk             |     5 |    12 |    10 |    19 |    19 ||    65
       Fruit             |       |       |     4 |       |       ||     4
       Pizza             |       |       |     1 |       |     2 ||     3
       Meat ration       |       |       |     1 |       |       ||     1
       Beef jerky        |       |       |     1 |       |       ||     1
       Royal jelly       |       |       |       |     1 |     1 ||     2

Notes
Turn   | Place    | Note
--------------------------------------------------------------
     0 | D:1      | Duffy the Draconian Fire Elementalist began the quest for the Orb.
     0 | D:1      | Reached XP level 1. HP: 14/14 MP: 3/3
   322 | D:1      | Reached skill level 2 in Conjurations
   336 | D:1      | Reached XP level 2. HP: 20/20 MP: 0/5
  1075 | D:1      | Reached skill level 3 in Conjurations
  1075 | D:1      | Reached XP level 3. HP: 26/26 MP: 2/6
  1096 | D:1      | Learned a level 3 spell: Conjure Flame
  1243 | D:2      | Found a deep blue altar of Sif Muna.
  1934 | D:2      | Found a white marble altar of Elyvilon.
  2091 | D:2      | Reached XP level 4. HP: 33/33 MP: 4/7
  2534 | D:3      | Found a bloodstained altar of Trog.
  2849 | D:3      | Found an ancient bone altar of Kikubaaqudgha.
  2911 | D:3      | Found a glowing golden altar of the Shining One.
  3216 | D:3      | Noticed Jessica
  3218 | D:3      | Killed Jessica
  3218 | D:3      | Reached skill level 4 in Conjurations
  3218 | D:3      | Reached XP level 5. HP: 38/38 MP: 5/8
  3255 | D:3      | Learned a level 4 spell: Sticky Flame
  3482 | D:3      | Reached skill level 4 in Fire Magic
  3728 | D:4      | Found Plog's Distillery.
  3728 | D:4      | Found Ynteusch's Gadget Shop.
  3737 | D:4      | Bought a potion of heal wounds for 55 gold pieces
  3737 | D:4      | Bought a potion of curing for 33 gold pieces
  3758 | D:4      | Found a white marble altar of Elyvilon.
  3978 | D:4      | Noticed an ogre
  3983 | D:4      | Killed an ogre
  3983 | D:4      | Reached skill level 3 in Spellcasting
  4066 | D:4      | Found a basalt altar of Yredelemnul.
  4247 | D:4      | Found a shattered altar of Ashenzari.
  4252 | D:4      | Reached skill level 4 in Spellcasting
  4252 | D:4      | Reached XP level 6. HP: 34/45 MP: 6/12
  4333 | D:4      | Learned a level 5 spell: Fireball
  4612 | D:5      | Entered Level 5 of the Dungeon
  4791 | D:5      | Noticed tasslehoff34's ghost (novice DsWr)
  5051 | D:5      | Found a staircase to the Ecumenical Temple.
  5060 | Temple   | Entered the Ecumenical Temple
  5543 | D:5      | Reached skill level 5 in Fire Magic
  5543 | D:5      | Reached XP level 7. HP: 18/50 MP: 1/13
  5543 | D:5      | Gained mutation: Your flesh is heat resistant. [Red Draconian growth]
  5842 | D:5      | Reached skill level 5 in Conjurations
  6378 | D:4      | Reached skill level 6 in Fire Magic
  6465 | D:5      | Found a snail-covered altar of Cheibriados.
  6754 | D:5      | Became a worshipper of Cheibriados the Contemplative
  6800 | D:5      | Found a shadowy altar of Dithmenos.
  6931 | D:6      | Noticed Eustachio
  6950 | D:6      | Killed Eustachio
  7384 | D:4      | Bought a potion of might for 44 gold pieces
  7384 | D:4      | Bought a potion of agility for 44 gold pieces
  7384 | D:4      | Bought a potion of mutation for 27 gold pieces
  7384 | D:4      | Bought a potion of lignification for 33 gold pieces
  7650 | D:4      | Reached skill level 1 in Fighting
  7743 | D:6      | Reached skill level 6 in Conjurations
  7939 | D:6      | Reached skill level 2 in Fighting
  7939 | D:6      | Reached skill level 1 in Polearms
  7939 | D:6      | Reached skill level 2 in Dodging
  7939 | D:6      | Reached XP level 8. HP: 23/61 MP: 3/14
  8358 | D:6      | Reached skill level 2 in Polearms
  8588 | D:6      | Reached skill level 3 in Fighting
  8588 | D:6      | Reached skill level 3 in Polearms
  8599 | D:6      | Reached * piety under Cheibriados
  8885 | D:6      | Reached skill level 3 in Dodging
  8968 | D:6      | Reached skill level 4 in Polearms
  9231 | D:6      | Reached skill level 4 in Fighting
  9631 | D:7      | Reached skill level 5 in Polearms
  9639 | D:7      | Reached XP level 9. HP: 58/72 MP: 12/15
  9645 | D:7      | Reached ** piety under Cheibriados
  9866 | D:7      | Found a radiant altar of Vehumet.
 10450 | D:8      | Found an iron altar of Okawaru.
 10450 | D:8      | Found a bloodstained altar of Trog.
 10458 | D:8      | Reached skill level 4 in Dodging
 10757 | D:8      | Reached skill level 5 in Fighting
 10757 | D:8      | Reached skill level 6 in Polearms
 11148 | D:8      | Reached *** piety under Cheibriados
 11677 | D:8      | Reached skill level 7 in Polearms
 11937 | D:9      | Found a blossoming altar of Fedhas.
 12019 | D:8      | Reached skill level 5 in Dodging
 12026 | D:8      | Reached **** piety under Cheibriados
 12445 | D:9      | Reached skill level 1 in Invocations
 12448 | D:9      | Reached ***** piety under Cheibriados
 12782 | D:9      | Reached skill level 8 in Polearms
 12947 | D:9      | Reached skill level 2 in Invocations
 12947 | D:9      | Reached XP level 10. HP: 83/83 MP: 6/16
 12957 | D:9      | Reached skill level 3 in Invocations
 13350 | D:9      | Reached skill level 4 in Invocations
 13561 | D:10     | Entered Level 10 of the Dungeon
 13571 | D:9      | Reached skill level 9 in Polearms
 13881 | D:10     | Reached skill level 5 in Invocations
 14158 | D:10     | Noticed a hill giant
 14179 | D:10     | Killed a hill giant
 14179 | D:10     | Reached skill level 6 in Invocations
 14323 | D:10     | Found a staircase to the Lair.
 14338 | D:10     | Reached ****** piety under Cheibriados
 14338 | D:10     | Reached skill level 10 in Polearms
 14343 | D:10     | Reached skill level 7 in Invocations
 14346 | D:10     | Reached XP level 11. HP: 48/89 MP: 3/17
 14994 | D:10     | Reached skill level 8 in Invocations
 15141 | D:10     | Reached skill level 2 in Stealth
 15725 | Lair:1   | Entered Level 1 of the Lair of Beasts
 15762 | Lair:1   | Reached skill level 6 in Fighting
 15833 | Lair:1   | Reached skill level 11 in Polearms
 16972 | Lair:2   | Noticed a six-headed hydra
 16979 | Lair:2   | Killed a seven-headed hydra
 16979 | Lair:2   | Reached skill level 6 in Dodging
 17055 | Lair:2   | Reached skill level 7 in Fighting
 17432 | Lair:2   | Reached skill level 12 in Polearms
 18085 | Lair:3   | Reached XP level 12. HP: 100/100 MP: 18/18
 18837 | Lair:4   | Reached skill level 8 in Fighting
 18837 | Lair:4   | Reached skill level 7 in Dodging
 18891 | Lair:4   | Found a labyrinth entrance.
 18900 | Lab      | Entered a labyrinth
 19243 | Lab      | Noticed a minotaur
 19247 | Lab      | Killed a minotaur
 19393 | Lab      | Got a translucent golden amulet
 19400 | Lab      | Identified the amulet "Rizaom" {RegenMP *Confuse +Fly Stlth+} (You found it in a labyrinth)
 19451 | Lair:4   | Noticed a six-headed hydra
 19461 | Lair:4   | Killed a seven-headed hydra
 19658 | Lair:4   | Reached skill level 13 in Polearms
 19786 | Lair:4   | Found a hole to the Spider Nest.
 19890 | Lair:5   | Found a staircase to the Shoals.
 20529 | Lair:5   | Noticed a death yak
 20529 | Lair:5   | Noticed a death yak
 20531 | Lair:5   | Noticed a death yak
 20987 | Lair:4   | Noticed Josephine
 21000 | Lair:4   | Killed Josephine
 21000 | Lair:4   | Reached skill level 9 in Fighting
 21005 | Lair:4   | Reached skill level 8 in Dodging
 21324 | Lair:4   | Noticed a seven-headed hydra
 21347 | Lair:4   | Killed an eight-headed hydra
 21827 | Lair:5   | Reached XP level 13. HP: 84/111 MP: 7/19
 21995 | Lair:5   | Reached skill level 14 in Polearms
 22443 | Lair:6   | Reached skill level 10 in Fighting
 23404 | Lair:6   | Reached skill level 9 in Dodging
 24354 | Lair:7   | Reached skill level 15 in Polearms
 25103 | Lair:8   | Entered Level 8 of the Lair of Beasts
 25425 | Lair:8   | Reached skill level 11 in Fighting
 25560 | Lair:8   | Reached XP level 14. HP: 111/124 MP: 20/20
 26312 | Lair:7   | Reached skill level 10 in Dodging
 26548 | Lair:7   | Reached skill level 16 in Polearms
 27564 | Lair:8   | Found a viscous altar of Jiyva.
 27565 | Lair:8   | Found a staircase to the Slime Pits.
 27817 | Lair:8   | Found a burning altar of Makhleb.
 27962 | Lair:8   | Found a gateway to Hell.
 27979 | Lair:8   | Learned a level 3 spell: Regeneration
 27983 | Lair:8   | Learned a level 3 spell: Spectral Weapon
 28633 | D:5      | Killed tasslehoff34's ghost
 28922 | D:11     | Reached skill level 12 in Fighting
 28963 | D:11     | Found a staircase to the Orcish Mines.
 29012 | D:11     | Noticed Erica
 29027 | D:11     | Killed Erica
 29129 | D:11     | Reached skill level 1 in Necromancy
 29135 | D:11     | Reached skill level 1 in Charms
 29142 | D:11     | Noticed Urug
 29151 | D:11     | Killed Urug
 29226 | D:11     | Noticed Maud
 29234 | D:11     | Killed Maud
 29234 | D:11     | Reached skill level 2 in Charms
 29234 | D:11     | Reached skill level 2 in Necromancy
 30062 | D:11     | Reached skill level 3 in Necromancy
 30306 | D:11     | Reached skill level 3 in Charms
 31082 | D:12     | Reached skill level 4 in Necromancy
 31375 | D:12     | Reached XP level 15. HP: 86/132 MP: 21/21
 31544 | D:12     | Reached skill level 4 in Charms
 32125 | D:13     | Reached skill level 5 in Spellcasting
 32201 | D:13     | Found a roughly hewn altar of Beogh.
 32612 | D:13     | Reached skill level 1 in Hexes
 33011 | D:14     | Reached skill level 2 in Hexes
 33033 | D:14     | Reached skill level 3 in Hexes
 33323 | D:14     | Reached skill level 4 in Hexes
 33325 | D:14     | Mangled by a cyan ugly thing

Vault maps used:
D:1:      ncdulo_lavacross, st_stairs_5
D:2:      led_sif_pool, first_bread, elyvilon_altar_1
D:3:      nicolae_overflow_hidden_temple, lemuel_round_altar,
          trog_hazing_becter, uniq_jessica
D:4:      lemuel_doored_altar, ashenzari_conservatory_becter,
          overflow_temple_1_default, serial_shops, shop, nicolae_shop_crystal
D:5:      lemuel_round_altar, temple_fountains,
          nicolae_dithmenos_through_a_glass_darkly
D:6:      nicolae_water_bricks, uniq_eustachio
D:7:      overflow_temple_1_default
D:8:      grunt_temple_overflow_bloody_war, grunt_ogre_cave
D:9:      special_room, fedhas_bush_and_centaur_altar
D:10:     minmay_lair_entry_grove
D:11:     orc_0_dummy, uniq_urug, uniq_erica, uniq_maud
D:13:     grunt_vaults_entry_tiered, special_room
Temple:   roderic_octagonal_lattice_temple
Lair:4:   spider_nest_entry_web_field, lab_entry_generic,
          grunt_forest_stairs_clearing, uniq_josephine
Lair:5:   elwin_shoals_entry_stream
Lair:6:   grunt_megastairs_1
Lair:8:   evil_forest, dpeg_slime_entry_enclosed_altar
Lab:      labyrinth_spiral, labyrinth_lava_lair, labyrinth_skeletal_remains,
          nicolae_lab_grate

Vanquished Creatures
  Maud
  A minotaur Josephine Erica
  A catoblepas
  8 hydras
  3 death yaks
  A centaur warrior Urug
  2 fire crabs
  A hill giant
  An unseen horror
  A wizard
  The ghost of tasslehoff34 the Ducker, a novice DsWr
  A griffon
  A siren
  A cyclops
  17 ugly things
  A sixfirhy
  8 black mambas
  10 elephants
  3 orange demons
  A smoke demon
  A gargoyle
  16 spiny frogs
  10 komodo dragons
  2 ice devils
  10 fire drakes
  A hellwing
  3 red devils
  3 merfolk
  A troll
  A minotaur skeleton
  2 polar bears
  24 blink frogs
  A shadow
  A spriggan
  2 vampires
  79 yaks
  4 wyverns Eustachio
  6 wraiths
  2 hungry ghosts
  4 basilisks
  8 hippogriffs
  2 vampire mosquitoes
  14 wolves
  2 mottled dragons
  A soldier ant
  2 hell hounds
  22 water moccasins
  7 orc warriors
  2 sky beasts
  15 porcupines
  An eye of draining
  6 black bears
  5 ice beasts
  3 phantoms
  10 ogres
  22 crocodiles
  14 centaurs
  3 big kobolds
  15 giant frogs
  A gnoll sergeant
  A wyvern zombie
  3 water moccasin zombies
  A wyvern skeleton
  16 killer bees
  5 scorpions
  9 wights
  A troll skeleton
  11 crimson imps
  2 centaur zombies
  A quasit
  6 hounds
  5 jellies
  4 giant frog skeletons
  A gnoll shaman
  9 orc priests
  9 orc wizards Jessica
  7 iguanas
  A hell rat
  6 worker ants
  24 sheep
  3 worker ant zombies
  16 gnolls
  71 river rats
  15 adders
  A shadow imp
  An ooze
  An adder zombie
  4 worms
  5 giant geckos
  63 orcs
  2 ball pythons
  7 giant cockroaches
  7 goblins
  15 hobgoblins
  7 jackals
  21 kobolds
  4 quokkas
  11 bats
  2 giant gecko skeletons
  2 giant newts
  A quokka skeleton
  10 rats
  3 bushes
  74 fungi
  34 plants
899 creatures vanquished.
